 Dungeon Crawl Stone Soup version 0.22.1-2-g9c5b331 (webtiles) character file.

4337 sanboga the Cleaver (level 10, 0/65 HPs)
             Began as a Gargoyle Berserker on Dec 4, 2018.
             Was a High Priest of Trog.
             Slain by an orc warrior
             ... wielding a +0 glaive
              (12 damage)
             ... in a bailey.
             The game lasted 00:11:11 (8133 turns).

sanboga the Cleaver (Gargoyle Berserker)            Turns: 8133, Time: 00:11:12

Health: 0/65       AC: 26    Str: 29    XL:     10   Next: 33%
Magic:  10/10      EV:  8    Int:  8    God:    Trog [*****.]
Gold:   527        SH:  0    Dex:  9    Spells: 9/9 levels left

rFire    . . .     SeeInvis .   a - +1 hand axe
rCold    . . .     Gourm    .   (no shield)
rNeg     + + +     Faith    .   F - +0 plate armour
rPois    ∞         Spirit   .   b - +0 helmet
rElec    +         Reflect  .   w - +1 cloak
rCorr    .         Harm     .   u - +0 pair of gloves
MR       .....                  (no boots)
Stlth    ..........             B - amulet of magic regeneration
HPRegen  0.20/turn              l - ring of positive energy
MPRegen  0.37/turn              e - ring of positive energy

@: mighty, berserk cooldown, slowed, very slow
A: negative energy resistance 1, electricity resistance, unbreathing,
petrification resistance, rot immunity, AC +7
a: Berserk, Trog's Hand, Brothers in Arms, Renounce Religion


You were in a bailey.
You worshipped Trog.
Trog was extremely pleased with you.
You were near starving.

You visited 1 branch of the dungeon, and saw 9 of its levels.
You also visited: Bailey.

You collected 527 gold pieces.

Inventory:

Hand Weapons
 a - a +1 hand axe (weapon)
 k - a -3 executioner's axe
Armour
 b - a +0 helmet (worn)
 u - a +0 pair of gloves (worn)
 w - a +1 cloak (worn)
 F - a +0 plate armour (worn)
Jewellery
 e - a ring of positive energy (right hand)
 l - a ring of positive energy (left hand)
 q - an uncursed ring of ice
 B - an amulet of magic regeneration (around neck)
Wands
 j - a wand of disintegration (11)
 m - a wand of polymorph (17)
 r - a wand of flame (31)
 t - a wand of acid (6)
 v - a wand of paralysis (11)
 x - a wand of iceblast (7)
 z - a wand of enslavement (27)
 A - a wand of clouds (3)
Scrolls
 d - a scroll of fear
 g - a scroll of magic mapping
 h - 5 scrolls of teleportation
 o - a scroll of blinking
 s - 2 scrolls of enchant armour
 y - 2 scrolls of remove curse
 C - 2 scrolls of enchant weapon
Potions
 i - 2 potions of flight
 n - 2 potions of curing
 p - a potion of agility {unknown}
 D - a potion of berserk rage {unknown}
 G - a potion of cancellation {unknown}
Comestibles
 c - 11 rations


   Skills:
 + Level 8.8 Fighting
 * Level 10.0 Axes
 + Level 8.4 Armour
 - Level 1.5 Dodging


You had 9 spell levels left.
You didn't know any spells.
Your spell library was empty.

Dungeon Overview and Level Annotations

Branches:
Dungeon (9/15)             Temple (0/1) D:7
   Lair: D:8-11         Orc: D:9-12

Altars:
Elyvilon
Fedhas
Sif Muna
Uskayaw
Vehumet
The Shining One


Innate Abilities, Weirdness & Mutations

You are resistant to torment.
Your stone body is resilient. (AC +7)
You are immune to poison.
You resist negative energy. (rN+)
You are resistant to electric shocks. (rElec)
You can survive without breathing.
You are immune to petrification.
You are immune to rotting.


Message History

Trog's vigour flows through your veins.
You are exhausted.
You feel yourself slow down.
There is a fountain of clear blue water here.
You hit the orc warrior but do no damage.
The orc warrior hits you with a glaive.
All of the chunks of flesh in your inventory have rotted away.
You barely miss the orc warrior. The orc warrior hits you with a glaive!
You hit the orc warrior but do no damage.
The orc warrior hits you with a glaive.
You closely miss the orc warrior. The orc warrior hits you with a glaive!
* * * LOW HITPOINT WARNING * * *
You closely miss the orc warrior. The orc warrior hits you with a glaive!
* * * LOW HITPOINT WARNING * * *
You barely miss the orc warrior.
You are near starving!
The orc warrior barely misses you.
You feel very mighty all of a sudden. The orc warrior hits you with a glaive!
You die...

#########+++######
##.................
##..................
##.......⌠#######⌠.).
#≈...)#####.....#####
#≈.))## ..≈≈≈≈≈....#
#≈..)# ≈≈≈...≈≈≈.⌠.
#≈...#..≈≈..≈.≈.)≈≈..
#≈..@#.≈≈.≈≈≈.≈≈≈)≈≈.
#≈.o##o≈.≈≈.....≈≈.≈.
#≈.. ≈≈.≈.≈≈≈≈≈.≈)≈≈
#≈.. ≈.≈≈.≈...≈.≈≈.≈
#≈.. ≈.≈.≈≈...≈≈.≈.≈
#≈.. ≈.≈.≈.⌠∩⌠.≈.≈.≈
#≈.. ≈.≈.≈..∩(.≈.≈.≈
#≈..#.≈.≈.≈.⌠∩⌠.≈.≈.≈
#.≈.≈.≈≈...≈≈.≈.≈


You could see an orc warrior.

Vanquished Creatures
  Harold (D:7)
  Sigmund (D:5)
  A hungry ghost (D:7)
  Eustachio (D:5)
  4 orc warriors
  2 sky beasts
  An ogre (D:8)
  A phantom (D:6)
  6 centaurs
  A necrophage (D:9)
  Blork the orc (D:6)
  2 bullfrogs
  8 scorpions
  3 howler monkeys (D:9)
  2 centaur zombies (D:8)
  A crimson imp (D:5)
  5 hounds
  A jelly (D:5)
  4 orc priests
  Crazy Yiuf (D:6)
  2 bullfrog zombies
  3 orc wizards
  A centaur skeleton (D:7)
  Jessica (D:2)
  An iguana (D:7)
  Natasha (thrice) (D:4)
  6 worker ants
  A hound zombie (D:6)
  A hound skeleton (D:4)
  4 gnolls (D:7)
  9 adders
  A shadow imp (D:5)
  2 oozes
  6 worms
  6 dart slugs
  5 leopard geckos
  29 orcs
  2 ball pythons
  5 bats
  8 giant cockroaches
  11 goblins
  10 hobgoblins
  9 jackals
  5 quokkas
  7 frilled lizards
  14 kobolds
  9 rats
  A fungus (D:6)
209 creatures vanquished.

Vanquished Creatures (others)
  2 fungi (D:6)
2 creatures vanquished.

Grand Total: 211 creatures vanquished

Notes
Turn   | Place    | Note
-------+----------+-------------------------------------------
     0 | D:1      | sanboga the Gargoyle Berserker began the quest for the Orb.
     0 | D:1      | Reached XP level 1. HP: 14/14 MP: 1/1
   538 | D:1      | Reached skill level 3 in Axes
   538 | D:1      | Reached XP level 2. HP: 18/19 MP: 2/2
   805 | D:1      | Reached XP level 3. HP: 21/23 MP: 3/3
  1036 | D:1      | Reached ** piety under Trog
  1300 | D:2      | Reached XP level 4. HP: 29/29 MP: 4/4
  1428 | D:2      | Found a blossoming altar of Fedhas.
  1431 | D:2      | Found a white marble altar of Elyvilon.
  1533 | D:2      | Reached skill level 4 in Axes
  1535 | D:2      | Reached XP level 5. HP: 18/33 MP: 5/5
  1769 | D:2      | Noticed Jessica
  1773 | D:2      | Killed Jessica
  2556 | D:4      | Reached *** piety under Trog
  2724 | D:4      | Reached XP level 6. HP: 20/39 MP: 6/6
  2961 | D:4      | Found a hide-covered altar of Uskayaw.
  2974 | D:4      | Reached skill level 5 in Axes
  3342 | D:4      | Noticed Natasha
  3350 | D:4      | Reached skill level 5 in Fighting
  3361 | D:4      | Reached XP level 7. HP: 24/44 MP: 7/7
  3361 | D:4      | Killed Natasha
  3370 | D:4      | Found a glowing golden altar of the Shining One.
  3371 | D:4      | Found a deep blue altar of Sif Muna.
  3693 | D:4      | Noticed Natasha
  3697 | D:4      | Killed Natasha
  3704 | D:4      | Noticed Natasha
  3711 | D:4      | Killed Natasha
  3726 | D:5      | Entered Level 5 of the Dungeon
  3726 | D:5      | Noticed Eustachio
  3756 | D:5      | Killed Eustachio
  3851 | D:5      | Reached skill level 6 in Axes
  3851 | D:5      | Reached skill level 5 in Armour
  3881 | D:5      | Reached XP level 8. HP: 44/51 MP: 8/8
  4105 | D:5      | Reached **** piety under Trog
  4245 | D:5      | Noticed Sigmund
  4286 | D:5      | Killed Sigmund
  4286 | D:5      | Reached skill level 7 in Axes
  5293 | D:6      | Reached XP level 9. HP: 40/56 MP: 9/9
  5294 | D:6      | Noticed Blork the orc
  5307 | D:6      | Killed Blork the orc
  5336 | D:6      | Reached skill level 8 in Axes
  5655 | D:6      | Found a runed door.
  6118 | D:6      | Noticed Crazy Yiuf
  6125 | D:6      | Killed Crazy Yiuf
  6272 | D:7      | Noticed Harold
  6291 | D:7      | Killed Harold
  6539 | D:7      | Reached skill level 9 in Axes
  6926 | D:7      | Found a staircase to the Ecumenical Temple.
  7212 | D:7      | Found a radiant altar of Vehumet.
  7257 | D:7      | Reached XP level 10. HP: 64/64 MP: 10/10
  7744 | D:9      | Found a flagged portal.
  7765 | Bailey   | Entered a bailey
  7793 | Bailey   | Reached ***** piety under Trog
  8123 | Bailey   | Reached skill level 10 in Axes
  8133 | Bailey   | Slain by an orc warrior

Skill      XL: |  1  2  3  4  5  6  7  8  9 10 |
---------------+-------------------------------+-----
Axes           | 3 4 5 6 7 9 10 | 10.0
Armour         | 3 4 5 6 7 8 |  8.4
Fighting       | 4 5 6 8 |  8.8
Dodging        | |  1.5

Action                   |  1- 3 |  4- 6 |  7- 9 | 10-12 || total
-------------------------+-------+-------+-------+-------++-------
Melee: Hand axe          |   111 |   208 |   438 |   208 ||   965
Invok: Berserk           |     2 |     2 |     1 |     2 ||     7
  Use: Scroll            |    10 |     6 |     3 |     2 ||    21
       Potion            |       |       |     2 |     2 ||     4
  Eat: Chunk             |     2 |     9 |     8 |     6 ||    25
       Ration            |       |       |     2 |       ||     2
Armor: Animal skin       |    38 |    46 |       |       ||    84
       Chain mail        |       |    74 |   256 |    36 ||   366
       Plate armour      |       |       |       |   183 ||   183
Dodge: Dodged            |    79 |   134 |   152 |   114 ||   479
